 Dungeon Crawl Stone Soup version 0.21-a0-538-gd16b88a (webtiles) character file.

366700 tsouns the Fencer (level 21, -1/213 HPs)
             Began as a Demonspawn Chaos Knight on Dec 12, 2017.
             Slain by a balrug
             ... wielding a +3 demon whip of venom
              (17 damage)
             ... on level 1 of the Depths on Dec 15, 2017.
             The game lasted 02:58:06 (35464 turns).

tsouns the Fencer (Demonspawn Chaos Knight)        Turns: 35464, Time: 02:58:07

Health: -1/213     AC: 31    Str: 21    XL:     21   Next: 60%
Magic:  44/44      EV: 15    Int: 29    God:    Xom [....*.]
Gold:   1119       SH: 23    Dex: 17    Spells: 20/40 levels left

rFire    . . .     SeeInvis +   J - +8 autumn katana {slice, Clar}
rCold    + + .     Gourm    .   Z - +2 large shield
rNeg     + . .     Faith    .   w - +5 ice dragon scales
rPois    +         Spirit   .   S - +1 hat
rElec    .         Reflect  .   a - +2 cloak
rCorr    .         Harm     .   l - +1 pair of gloves of Boredom {Int+7 Dex+4 SInv}
MR       ++...     Clarity  +   (boots unavailable)
Stlth    +++.......             K - amulet of regeneration
HPRegen  1.25/turn              i - ring of the Red Skies {rN+ MR+ MP+9}
MPRegen  0.29/turn              x - +3 ring of slaying

@: mighty, about to teleport, hasted, very quick
A: horns 2, talons 3, iridescent scales 3, blink, clever 2, clumsy 1, fire
resistance 1, ignite blood, poison resistance, regeneration 1, robust 3, spiny
3, wild magic 1, flame cloud immunity
}: 2/15 runes: barnacled, gossamer
a: Blink, Renounce Religion


You were on level 1 of the Depths.
You worshipped Xom.
You were a beloved toy of Xom.
You were not hungry.

You visited 7 branches of the dungeon, and saw 36 of its levels.
You visited the Abyss 1 time.
You visited 1 bazaar.
You also visited: Labyrinth and Desolation.

You collected 6043 gold pieces.
You spent 4924 gold pieces at shops.

Inventory:

Hand Weapons
 J - the +8 autumn katana (weapon) {slice, Clar}
   (You bought it in a shop on level 4 of the Shoals)

   It inflicts extra damage upon your enemies.
   It protects you against confusion.
Missiles
 U - 73 javelins (quivered)
 Y - 3 throwing nets
Armour
 a - a +2 cloak (worn)
 l - the +1 pair of gloves of Boredom (worn) {Int+7 Dex+4 SInv}
   (You acquired it on level 4 of the Vaults)

   It affects your intelligence (+7).
   It affects your dexterity (+4).
   It lets you see invisible.
 w - +5 ice dragon scales (worn)
 S - a +1 hat (worn)
 Z - a +2 large shield (worn)
Jewellery
 i - the ring of the Red Skies (left hand) {rN+ MR+ MP+9}
   (You bought it in a shop on level 2 of the Orcish Mines)

   [ring of magical power]

   It protects you from negative energy.
   It affects your resistance to hostile enchantments.
   It affects your magic capacity (+9).
 x - a +3 ring of slaying (right hand)
 K - an amulet of regeneration (around neck)
Wands
 b - a wand of digging (24)
 j - a wand of acid (17)
 u - a wand of iceblast (90)
 v - a wand of flame (102)
 A - a wand of polymorph (9)
 F - a wand of disintegration (12)
 I - a wand of clouds (11)
 Q - a wand of paralysis (15)
 V - a wand of enslavement (11)
Scrolls
 e - 16 scrolls of remove curse
 f - 3 scrolls of teleportation
 n - 3 scrolls of identify
 p - 2 scrolls of fear
 B - 10 scrolls of magic mapping
 G - 5 scrolls of immolation
 H - 4 scrolls of fog
 P - 4 scrolls of vulnerability
Potions
 d - 7 potions of curing
 g - 6 potions of flight
 k - 7 potions of magic
 m - a potion of resistance
 r - 4 potions of cancellation
 s - 4 potions of brilliance
 z - 6 potions of ambrosia
 E - 3 potions of lignification
 M - a potion of mutation
 N - 4 potions of haste
 O - 2 potions of berserk rage
 R - 4 potions of might
Miscellaneous
 t - 2 sacks of spiders
 y - a lamp of fire
 D - a phial of floods (inert)
 T - a lightning rod (4/4)
Comestibles
 c - 12 bread rations
 h - 13 meat rations
 o - 2 royal jellies


   Skills:
 - Level 13.7 Fighting
 - Level 17.9 Long Blades
 - Level 10.7 Armour
 - Level 10.2 Dodging
 - Level 8.6 Stealth
 * Level 17.5 Shields
 - Level 10.2 Spellcasting
 - Level 5.1 Conjurations
 - Level 2.3 Charms
 - Level 6.5 Necromancy
 - Level 4.7 Fire Magic
 - Level 2.3 Air Magic
 + Level 10.6 Evocations


You had 20 spell levels left.
You knew the following spells:

 Your Spells              Type           Power        Failure   Level  Hunger
a - Animate Skeleton      Necr           N/A          3%          1    None
b - Regeneration          Chrm/Necr      ######....   19%         3    None
c - Animate Dead          Necr           N/A          24%         4    None
d - Control Undead        Necr           ######....   24%         4    None
e - Vampiric Draining     Necr           ######....   9%          3    None
f - Swiftness             Chrm/Air       #####...     22%         2    None
g - Conjure Flame         Conj/Fire      ######..     16%         3    None


Dungeon Overview and Level Annotations

Branches:
Dungeon (15/15)            Temple (0/1) D:6            Lair (6/6) D:11
 Shoals (4/4) Lair:4       Spider (4/4) Lair:2        Slime (0/5) Lair:6
    Orc (2/2) D:10            Elf (0/3) Orc:2        Vaults (4/5) D:14
  Crypt (0/3) Vaults:2     Depths (1/5) D:15

Altars:
Dithmenos
Elyvilon
Gozag
Makhleb
Nemelex Xobeh
Qazlal
Sif Muna
Vehumet
Xom
Zin
Jiyva

Shops:
D:6 (   D:12 }   D:14 :   Orc:2 *[(:   Shoals:4 (   Vaults:4 (

Portals:
Hell: Depths:1

Annotations:
D:10 exclusion: ice statue
Lair:6 exclusion: 4 oklob plants
Spider:1 exclusion: Roxanne, Roxanne
Depths:1 3 runed doors


Innate Abilities, Weirdness & Mutations

You have claws for feet.
You are completely covered in iridescent scales. (AC +6)
Your flesh is heat resistant. (rF+)
Your demonic aura causes spilled blood to erupt in flames.
You are completely covered in sharp spines.
You are immune to clouds of flame.
You have a pair of horns on your head.
You can translocate small distances at will.
Your mind is very acute. (Int +4)
You are clumsy. (Dex -2)
Your system is resistant to poisons. (rPois)
Your natural rate of healing is unusually fast.
You are extremely robust. (+30% HP)
Your spells are a little harder to cast, but a little more powerful.


Message History

You hit the Brimstone Fiend.
You claw the Brimstone Fiend, but do no damage.
You headbutt the Brimstone Fiend.
You kill the Brimstone Fiend!
You block the balrug's attack.
Unknown command.
You slash the balrug! You claw the balrug!
The balrug is moderately wounded.
Unknown command.
You barely miss the balrug. Your kick misses the balrug.
The balrug is moderately wounded.
The area is suffused with divine lightning!
The blast of lightning engulfs the ice devil.
The blast of lightning engulfs the balrug.
The blast of lightning engulfs the sun demon.
The sun demon resists.
The balrug hits you with a demon whip of venom!
* * * LOW HITPOINT WARNING * * *
You are engulfed in flames!
You die...

%.## #.......########.#
...# #.......# #.# >.8#
######### #.# ...#
##..... #)# 8.## #......
########)# #### #......
#......))#
...#####......
#........#
##.....#......
#.....)..#
#.######....1##@.......#
#.# #'#'''#423......#
#.# #4#≈≈≈'.........#
#.# #'#+++#≈........#
##(# #########.# ...#
#.# ##.# #.# #.# #.#
#.##### ########.#


You could see a balrug, a sun demon and an ice devil.

Vanquished Creatures
  Bai Suzhen (Shoals:4)
  Nikola (Vaults:3)
  A Brimstone Fiend (Depths:1)
  An iron giant (Depths:1)
  A lich (Vaults:4)
  A sphinx (Vaults:3)
  Frances (D:13)
  An ancient champion (Depths:1)
  A storm dragon (Vaults:2)
  Ilsuiw (Shoals:4)
  2 frost giants (Vaults:3)
  Aizul (Spider:1)
  5 ghost moths
  2 fire giants
  A balrug (Depths:1)
  Louise (Spider:1)
  An emperor scorpion (Spider:4)
  4 vault wardens
  3 imperial myrmidons (Desolation)
  7 ironheart preservers
  10 stone giants
  2 very ugly things (Depths:1)
  3 entropy weavers
  2 deep elf demonologists (Vaults:3)
  7 spark wasps
  A halazid warlock (Desolation)
  5 ettins
  Snorg (Orc:2)
  3 crystal guardians
  6 merfolk impalers
  5 fire dragons
  6 merfolk javelineers
  2 minotaurs
  7 ragged hierophants (Desolation)
  3 jiangshi (Depths:1)
  3 great orbs of eyes
  Erolcha (Orc:1)
  A hell beast (Depths:1)
  11 yaktaur captains
  8 hydras
  3 servants of whispers (Desolation)
  2 vault guards
  Fannar (Lair:1)
  7 centaur warriors
  7 peacekeepers (Desolation)
  6 ice dragons
  5 rakshasas
  A two-headed ogre (shapeshifter) (Desolation)
  3 satyrs
  A catoblepas (Shoals:4)
  2 merfolk avatars
  8 ogre magi
  6 merfolk aquamancers
  An alligator (shapeshifter) (D:8)
  30 two-headed ogres
  8 deep troll shamans
  Erica (D:8)
  5 death knights
  A queen ant (shapeshifter) (Vaults:2)
  4 tengu warriors
  2 vampire magi
  12 death yaks
  3 thrashing horrors (Abyss:2)
  An orc high priest (Orc:1)
  6 deep troll earth magi
  A deep elf knight (Vaults:2)
  4 hell knights (Vaults:2)
  5 sun demons (Depths:1)
  A wretched star (Abyss:2)
  An iron troll (Depths:1)
  A sixfirhy (Abyss:2)
  13 skeletal warriors
  13 sea snakes
  3 shadow wraiths
  6 unseen horrors
  16 deep trolls
  A deep elf archer (Vaults:4)
  A glowing orange brain (Vaults:4)
  3 necromancers
  3 wizards
  A flayed ghost (Vaults:3)
  19 ironbrand convokers
  4 phantasmal warriors
  21 harpies
  A fire giant zombie (D:15)
  7 orc knights
  5 deep elf magi
  A lindwurm (Lair:4)
  The ghost of Daviar the Skirmisher, a novice GnWn (D:5)
  2 orc sorcerers
  A wolf spider zombie (D:15)
  36 ugly things
  5 fauns (Shoals:2)
  25 wolf spiders
  8 elephants
  A faun (shapeshifter) (D:15)
  13 orb spiders
  13 cyclopes
  4 centaur zombies
  8 merfolk sirens
  A moth of wrath (shapeshifter) (Vaults:3)
  5 moths of wrath
  8 manticores
  A guardian serpent (shapeshifter) (Vaults:3)
  A black mamba (shapeshifter) (Vaults:3)
  A black mamba (Lair:5)
  A rust devil (Depths:1)
  14 vault sentinels
  7 water nymphs
  A gargoyle (D:14)
  A spiny frog (shapeshifter) (Vaults:2)
  A centaur skeleton (D:10)
  2 efreet (D:15)
  A kobold demonologist (D:14)
  6 spiny frogs
  A komodo dragon (shapeshifter) (Vaults:3)
  3 komodo dragons
  20 yaktaurs
  A rime drake (Lair:6)
  12 freezing wraiths
  9 demonic crawlers
  An ancient zyme (Abyss:2)
  A polar bear (Spider:1)
  A merfolk (shapeshifter) (Vaults:3)
  A red devil (Depths:1)
  A tyrant leech (Lair:6)
  22 merfolk
  19 jumping spiders
  5 trolls
  A wind drake (Shoals:4)
  A jumping spider (shapeshifter) (Vaults:4)
  55 saltlings (Desolation)
  8 hornets
  A slime creature (shapeshifter) (Vaults:2)
  7 snapping turtles
  4 blink frogs (Lair:4)
  10 hippogriffs
  Grinder (D:5)
  12 slime creatures
  A fire giant simulacrum (Vaults:3)
  A frost giant simulacrum (Vaults:3)
  5 dream sheep (Lair:6)
  A blink frog (shapeshifter) (Vaults:2)
  A tarantella (shapeshifter) (Vaults:4)
  2 shadows
  71 redbacks
  11 water elementals
  A ynoxinul (Abyss:2)
  38 tarantellas
  6 wraiths
  27 yaks
  A wyvern (D:13)
  A human (shapeshifter) (Vaults:3)
  8 basilisks
  A steam dragon (D:8)
  Grum (D:10)
  9 wargs
  Menkaure (D:4)
  A yaktaur simulacrum (Vaults:3)
  2 hungry ghosts
  An acid dragon (shapeshifter) (D:7)
  An acid dragon (Vaults:2)
  A naga (Lair:2)
  6 porcupines
  7 water moccasins
  22 orc warriors
  5 sky beasts
  4 ice beasts
  A hornet zombie (D:11)
  2 black bears
  3 phantoms
  A tengu (shapeshifter) (Vaults:3)
  A necrophage (D:13)
  26 ogres
  40 wolves
  22 centaurs
  10 crocodiles
  4 big kobolds
  A gnoll sergeant (D:8)
  17 bullfrogs
  A glowing shapeshifter simulacrum (Vaults:3)
  A wyvern zombie (D:10)
  A deep troll simulacrum (Vaults:3)
  2 scorpions
  A troll skeleton (Lab)
  3 killer bees (D:13)
  An orc simulacrum (Vaults:1)
  8 wights
  A spriggan skeleton (Lab)
  8 howler monkeys
  An electric eel (Lair:6)
  8 crimson imps
  3 human simulacra (Vaults:3)
  A bullfrog zombie (D:6)
  9 jellies
  18 orc priests
  7 hounds
  2 bullfrog skeletons
  28 orc wizards
  9 worker ants
  A killer bee zombie (D:7)
  2 ogre skeletons (Lab)
  2 hound zombies
  A hound skeleton (D:6)
  2 worker ant zombies
  7 adders
  16 gnolls
  5 shadow imps
  6 oozes
  A worm (D:5)
  An adder zombie (D:5)
  A dart slug (D:2)
  2 leopard geckos
  91 orcs
  A ball python (D:2)
  17 giant cockroaches
  8 goblins
  11 hobgoblins
  5 jackals
  5 quokkas
  5 bats
  3 frilled lizards
  13 kobolds
  A leopard gecko zombie (D:4)
  A quokka zombie (D:5)
  6 rats
  A plant (Lair:6)
  A withered plant (D:15)
1440 creatures vanquished.

Vanquished Creatures (collateral kills)
  A lich (Vaults:3)
  Polyphemus (Shoals:4)
  A vault warden (Vaults:3)
  An imperial myrmidon (Desolation)
  2 ettins (Orc:2)
  A merfolk javelineer (Shoals:4)
  Josephine (Orc:1)
  A crystal guardian (Desolation)
  An ice dragon (D:14)
  A peacekeeper (Desolation)
  An alligator snapping turtle (Shoals:2)
  A catoblepas (Lair:6)
  2 merfolk aquamancers
  5 two-headed ogres
  A tengu warrior (D:15)
  An orc high priest (Orc:2)
  A sea snake (Shoals:4)
  2 skeletal warriors
  An orc knight (Vaults:3)
  3 harpies
  A necromancer (D:15)
  3 orb spiders
  A wolf spider (Spider:3)
  An iron dragon zombie (D:15)
  A faun (Shoals:2)
  2 cyclopes (Orc:2)
  4 manticores
  A moth of wrath (Vaults:1)
  3 elephants (Lair:5)
  2 merfolk sirens
  A centaur zombie (D:15)
  A water nymph (Lair:5)
  A vault sentinel (Vaults:3)
  A torpor snail (Lair:6)
  A spiny frog (Lair:6)
  3 demonic crawlers
  A rime drake (Lair:6)
  7 merfolk
  3 jumping spiders (Spider:4)
  A troll (D:13)
  A wind drake (Shoals:1)
  A hornet (Spider:3)
  2 snapping turtles
  A fire dragon zombie (D:15)
  2 hippogriffs (Lair:6)
  13 redbacks
  3 wraiths
  5 yaks
  A basilisk (Lair:3)
  6 tarantellas
  2 water elementals (Shoals:1)
  A hungry ghost (Lab)
  2 water moccasins
  A porcupine (Lair:4)
  2 orc warriors (Orc:2)
  2 ice beasts
  A black bear (Lair:6)
  An eye of draining (D:11)
  An ogre (D:4)
  3 wolves (Lair:4)
  4 crocodiles
  A big kobold (D:14)
  A hound (D:10)
  A bullfrog zombie (D:8)
  An orc wizard (D:10)
  3 orc priests
  A jelly (D:10)
  An iguana (D:4)
  A worker ant (D:6)
  A hound skeleton (D:4)
  A shadow imp (D:9)
  15 orcs
  A giant cockroach (D:4)
  A quokka (D:4)
  A ball python skeleton (D:4)
  A leopard gecko skeleton (D:4)
  3 fungi
  4 plants
  A withered plant (D:15)
162 creatures vanquished.

Vanquished Creatures (others)
  A centaur warrior (D:14)
  3 dancing weapons
  A wolf spider (Spider:4)
  A fire giant zombie (D:15)
  An ugly thing (D:14)
  A centaur zombie (D:14)
  A gargoyle (D:14)
  A jumping spider (Spider:4)
  A troll (D:15)
  A hornet (D:10)
  A hippogriff (D:12)
  2 redbacks
  A hungry ghost (Lab)
  3 orc warriors
  3 crimson imps
  An orc priest (Orc:1)
  A worker ant (D:14)
  An orc (D:12)
  A quokka (D:10)
  19 fungi
  16 plants
  A withered plant (D:15)
62 creatures vanquished.

Grand Total: 1664 creatures vanquished

Notes
Turn   | Place    | Note
-------+----------+-------------------------------------------
     0 | D:1      | tsouns the Demonspawn Chaos Knight began the quest for the Orb.
     0 | D:1      | Reached XP level 1. HP: 18/18 MP: 1/1
    40 | D:1      | Found a sparkling altar of Nemelex Xobeh.
    58 | D:1      | Gained mutation: You are partially covered in iridescent scales. (AC +2) [demonic ancestry]
    58 | D:1      | Reached XP level 2. HP: 15/24 MP: 2/2
   672 | D:2      | Gained mutation: You have sharp toenails. [demonic ancestry]
   672 | D:2      | Reached XP level 3. HP: 29/29 MP: 3/3
   920 | D:2      | Gained mutation: You are partially covered in sharp spines. [demonic ancestry]
   920 | D:2      | Reached XP level 4. HP: 37/37 MP: 4/4
  1005 | D:2      | Noticed a centaur
  1017 | D:2      | Killed a centaur
  1017 | D:2      | Reached XP level 5. HP: 32/43 MP: 5/5
  1066 | D:2      | Found a burning altar of Makhleb.
  1338 | D:3      | Found a shimmering altar of Xom.
  1535 | D:3      | Reached skill level 5 in Fighting
  1857 | D:3      | XOM: give mutations
  1857 | D:3      | Gained mutation: You are agile. (Dex +2) [Xom's grace]
  1857 | D:3      | Gained mutation: You have a pair of small horns on your head. [Xom's grace]
  1857 | D:3      | Gained mutation: You have supernaturally acute eyesight. (SInv) [Xom's grace]
  1857 | D:3      | Gained mutation: You have a pair of horns on your head. [Xom's grace]
  1975 | D:4      | Noticed Menkaure
  1980 | D:4      | Killed Menkaure
  1980 | D:4      | Reached skill level 5 in Long Blades
  1980 | D:4      | Gained mutation: You are mostly covered in sharp spines. [demonic ancestry]
  1980 | D:4      | Reached XP level 6. HP: 47/51 MP: 6/6
  1994 | D:4      | Found a shadowy altar of Dithmenos.
  2000 | D:4      | Noticed a hippogriff
  2012 | D:4      | Killed a hippogriff
  2012 | D:4      | Gained mutation: You are completely covered in sharp spines. [demonic ancestry]
  2012 | D:4      | Reached XP level 7. HP: 18/58 MP: 7/7
  2212 | D:4      | XOM: cast spell 'Death Channel'
  2441 | D:4      | XOM: scenery: create altars
  2445 | D:4      | XOM: god gift: wooden wand {god gift}
  2519 | D:4      | XOM: give mutations
  2519 | D:4      | Gained mutation: Your natural rate of healing is unusually fast. [Xom's grace]
  2519 | D:4      | Gained mutation: You are resistant to hostile enchantments. (MR+) [Xom's grace]
  2519 | D:4      | Gained mutation: You are robust. (+10% HP) [Xom's grace]
  2579 | D:5      | Entered Level 5 of the Dungeon
  2602 | D:5      | Gained mutation: You are mostly covered in iridescent scales. (AC +4) [demonic ancestry]
  2602 | D:5      | Reached XP level 8. HP: 47/73 MP: 8/8
  2651 | D:5      | XOM: 1-stop teleportation journey
  2691 | D:5      | Noticed Daviar's ghost (novice GnWn)
  2695 | D:5      | XOM: potion effect (curing)
  2696 | D:5      | Killed Daviar's ghost
  2726 | D:5      | Learned a level 1 spell: Animate Skeleton
  2730 | D:5      | Learned a level 3 spell: Regeneration
  2758 | D:5      | XOM: confusion (+ monsters)
  2771 | D:5      | XOM: potion effect (experience)
  2771 | D:5      | Reached skill level 5 in Necromancy
  2771 | D:5      | Gained mutation: Your flesh is heat resistant. (rF+) [demonic ancestry]
  2771 | D:5      | Reached XP level 9. HP: 83/85 MP: 8/15
  2775 | D:5      | XOM: summons friendly quasit
  2791 | D:5      | XOM: blink monster(s)
  2825 | D:5      | Noticed Grinder
  2835 | D:5      | Killed Grinder
  2886 | D:5      | Reached skill level 10 in Fighting
  2973 | D:5      | XOM: god gift: 1990 gold pieces
  3000 | D:5      | XOM: cloud trail
  3025 | D:6      | XOM: summons 4 friendly demons
  3044 | D:6      | Reached skill level 5 in Dodging
  3232 | D:6      | Gained mutation: You have razor-sharp toenails. [demonic ancestry]
  3232 | D:6      | Reached XP level 10. HP: 93/93 MP: 16/16
  3233 | D:6      | Found a staircase to the Ecumenical Temple.
  3374 | D:6      | Found Bujasieg's Antique Weapon Boutique.
  3661 | D:6      | Found a deep blue altar of Sif Muna.
  3684 | D:6      | XOM: harmless Erth miscast
  3742 | D:6      | XOM: god gift: scroll labeled YRE TOAHUSOSH {god gift}
  3801 | D:7      | XOM: divination: detect creatures
  3844 | D:7      | Found a glowing silver altar of Zin.
  3914 | D:7      | XOM: 7-stop teleportation journey
  4089 | D:7      | Found a white marble altar of Elyvilon.
  4382 | D:7      | XOM: 3-stop teleportation journey
  4460 | D:7      | XOM: scenery: create altars
  4516 | D:8      | Found a radiant altar of Vehumet.
  4649 | D:8      | XOM: cloud trail
  4680 | D:8      | Noticed Erica
  4691 | D:8      | Killed Erica
  4748 | D:8      | Found a stormy altar of Qazlal.
  5018 | D:8      | Noticed a two-headed ogre
  5018 | D:8      | Noticed a death drake
  5018 | D:8      | a two-headed ogre changed into a death drake
  5018 | D:8      | XOM: polymorph two-headed ogre -> death drake
  5021 | D:8      | Noticed a glowing shapeshifter
  5021 | D:8      | a death drake changed into a glowing shapeshifter
  5021 | D:8      | Noticed a manticore
  5021 | D:8      | a glowing shapeshifter changed into a manticore
  5023 | D:8      | Noticed a faun
  5023 | D:8      | a manticore changed into a faun
  5026 | D:8      | a faun changed into a slime creature
  5029 | D:8      | Noticed an alligator
  5029 | D:8      | a slime creature changed into an alligator
  5040 | D:8      | Killed an alligator
  5209 | D:8      | XOM: cloud trail
  5391 | D:9      | Reached skill level 10 in Long Blades
  5737 | D:9      | XOM: divination: detect items
  5808 | D:9      | XOM: harmless Erth miscast
  6077 | D:10     | Entered Level 10 of the Dungeon
  6096 | D:10     | XOM: cast spell 'Metabolic Englaciation'
  6133 | D:10     | XOM: divination: detect creatures
  6136 | D:10     | Noticed an ice statue
  6158 | D:10     | XOM: enchant monster (bad)
  6163 | D:10     | Reached XP level 11. HP: 89/101 MP: 13/17
  6314 | D:10     | Noticed Grum
  6316 | D:10     | XOM: summons friendly iron imp
  6324 | D:10     | XOM: confuse monster(s)
  6329 | D:10     | XOM: butterfly on damage
  6330 | D:10     | XOM: summons 2 friendly demons
  6348 | D:10     | Killed Grum
  6680 | D:10     | Learned a level 4 spell: Animate Dead
  6685 | D:10     | Learned a level 4 spell: Control Undead
  6689 | D:10     | Learned a level 3 spell: Vampiric Draining
  6791 | D:10     | XOM: blink monster(s)
  6941 | D:10     | Found a staircase to the Orcish Mines.
  7014 | D:10     | Paralysed by a hornet for 2 turns
  7070 | D:10     | XOM: mild Summ miscast
  7331 | D:11     | Noticed an unseen horror
  7337 | D:11     | Killed an unseen horror
  7477 | D:11     | XOM: swap monsters
  7498 | D:11     | XOM: scenery: create altars
  7505 | D:11     | XOM: enchant monster (bad)
  7510 | D:11     | XOM: divination: detect creatures
  7667 | D:11     | Found a staircase to the Lair.
  7682 | D:11     | XOM: medium Necr miscast
  7699 | D:11     | Noticed a two-headed ogre
  7706 | D:11     | Killed a two-headed ogre
  7708 | D:11     | XOM: medium Fire miscast
  7827 | D:11     | Noticed a seven-headed hydra
  7839 | D:11     | Killed a seven-headed hydra
  7943 | D:11     | Found an opulent altar of Gozag.
  8051 | D:11     | XOM: summons 5 hostile demons
  8233 | Lair:1   | Entered Level 1 of the Lair of Beasts
  8255 | Lair:1   | Noticed Fannar
  8273 | Lair:1   | XOM: summons 4 hostile shadow creatures
  8274 | Lair:1   | Noticed a six-headed hydra
  8277 | Lair:1   | XOM: 3-stop teleportation journey
  8306 | Lair:1   | XOM: noise
  8315 | Lair:1   | XOM: blink monster(s)
  8317 | Lair:1   | XOM: polymorph yak -> hippogriff
  8320 | Lair:1   | Reached skill level 1 in Stealth
  8327 | Lair:1   | XOM: scenery: create altars
  8332 | Lair:1   | XOM: 3-stop teleportation journey
  8338 | Lair:1   | Killed Fannar
  8338 | Lair:1   | Reached XP level 12. HP: 79/111 MP: 5/18
  8378 | Lair:1   | Learned a level 2 spell: Swiftness
  8393 | Lair:1   | Learned a level 3 spell: Conjure Flame
  8459 | Lair:1   | XOM: 7-stop teleportation journey
  8714 | Lair:1   | XOM: harmless Summ miscast
  8735 | Lair:1   | XOM: fake destruction
  8776 | Lair:1   | XOM is BORED!
  8852 | Lair:1   | XOM: confuse monster(s)
  9041 | Lair:2   | Noticed Sonja
  9043 | Lair:2   | Noticed Sonja
  9043 | Lair:2   | Sonja changed into Sonja the naga
  9048 | Lair:2   | Killed Sonja the naga
  9135 | Lair:2   | Found a hole to the Spider Nest.
  9144 | Lair:2   | Reached skill level 5 in Spellcasting
  9203 | Lair:2   | Noticed a death yak
  9205 | Lair:2   | Noticed a death yak
  9208 | Lair:2   | Noticed a death yak
  9208 | Lair:2   | Noticed a death yak
  9209 | Lair:2   | Noticed a death yak
  9211 | Lair:2   | Noticed a death yak
  9213 | Lair:2   | XOM: divination: magic mapping
  9214 | Lair:2   | XOM: summons friendly shadow imp
  9216 | Lair:2   | XOM: god gift: gnarled glowing staff {god gift}
  9226 | Lair:2   | XOM: divine lightning
  9237 | Lair:2   | XOM: snakes to sticks
  9604 | Lair:2   | XOM: summons 2 friendly demons
  9611 | Lair:2   | XOM: enchant monster (good)
  9619 | Lair:2   | XOM: blink monster(s)
  9624 | Lair:2   | XOM: noise
  9624 | Lair:2   | Killed a death yak
  9627 | Lair:2   | XOM: give mutations
  9627 | Lair:2   | Lost mutation: You are robust. (+10% HP) [Xom's mischief]
  9627 | Lair:2   | Lost mutation: You are agile. (Dex +2) [Xom's mischief]
  9629 | Lair:2   | Killed a death yak
  9631 | Lair:2   | XOM: scenery: create altars
  9637 | Lair:2   | Killed a death yak
  9638 | Lair:2   | XOM: noise
  9641 | Lair:2   | Killed a death yak
  9644 | Lair:2   | XOM: smoke on damage
  9646 | Lair:2   | Killed a death yak
  9649 | Lair:2   | XOM: give mutations
  9649 | Lair:2   | Gained mutation: You are robust. (+10% HP) [Xom's mischief]
  9649 | Lair:2   | Lost mutation: Your natural rate of healing is unusually fast. [Xom's mischief]
  9650 | Lair:2   | Killed a death yak
 10255 | Lair:2   | XOM: severe Conj miscast
 10533 | Lair:3   | XOM: polymorph bullfrog -> sky beast
 10545 | Lair:3   | XOM: noise
 10547 | Lair:3   | XOM: confuse monster(s)
 10983 | Lair:3   | Noticed a seven-headed hydra
 10983 | Lair:3   | XOM: summons friendly white imp
 10985 | Lair:3   | XOM: summons friendly crimson imp
 10989 | Lair:3   | Killed a seven-headed hydra
 11136 | Lair:3   | Identified Sif Muna's Papyrus of Altruism
 11371 | Lair:3   | XOM: god gift: polished dagger {god gift}
 11372 | Lair:3   | Got a polished dagger {god gift}
 11373 | Lair:3   | Identified the +3 dagger "Tatsezah" {chaos, +Rage rPois Int+4 Dex+4} (Xom gifted it to you on level 3 of the Lair of Beasts)
 11436 | Lair:4   | Reached skill level 5 in Stealth
 11447 | Lair:4   | Reached skill level 1 in Conjurations
 11449 | Lair:4   | Reached skill level 1 in Fire Magic
 11554 | Lair:4   | Reached XP level 13. HP: 113/117 MP: 22/22
 11556 | Lair:4   | XOM: confuse monster(s)
 11757 | Lair:4   | Found a staircase to the Shoals.
 12114 | Lair:4   | XOM: mild Hex miscast
 12547 | Lair:5   | XOM: 7-stop teleportation journey
 12662 | Lair:5   | XOM: summons friendly crimson imp
 12854 | Lair:5   | XOM: polymorph elephant -> water nymph
 12872 | Lair:5   | XOM: harmless Tloc miscast
 13205 | Lair:5   | XOM: scenery: create altars
 13309 | Lair:5   | XOM is BORED!
 13391 | Lair:6   | Entered Level 6 of the Lair of Beasts
 13439 | Lair:6   | XOM: snakes to sticks
 13467 | Lair:6   | XOM: blink monster(s)
 13469 | Lair:6   | Found a staircase to the Slime Pits.
 13621 | Lair:6   | XOM: confuse monster(s)
 13648 | Lair:6   | XOM: silly message
 13895 | Lair:6   | XOM: summons 4 friendly demons
 14142 | Lair:6   | XOM: polymorph four-headed hydra -> tyrant leech
 14191 | Lair:6   | Found the cursed necklace of Bloodlust {*Rage +Rage MR++ Int-3 Slay+6 *Curse}
 14244 | Lair:6   | Identified Wimp's Guide on Enchanting Aid (Xom gifted it to you on level 6 of the Lair of Beasts)
 14244 | Lair:6   | XOM: god gift: Wimp's Guide on Enchanting Aid
 14405 | Lair:6   | Found a viscous altar of Jiyva.
 14488 | Lair:6   | XOM: 3-stop teleportation journey
 14515 | Lair:6   | XOM: god gift: scale mail {god gift}
 14575 | Lair:6   | XOM: god gift: crude silver ring {god gift}
 14576 | Lair:6   | Got a crude silver ring {god gift}
 14578 | Lair:6   | Identified the ring of Anarchy {Fire Str+3} (Xom gifted it to you on level 6 of the Lair of Beasts)
 14628 | Lair:6   | XOM: give mutations
 14628 | Lair:6   | Gained mutation: You evolve. [Xom's grace]
 14628 | Lair:6   | Gained mutation: You rapidly evolve. [Xom's grace]
 14628 | Lair:6   | Gained mutation: Your mind is acute. (Int +2) [Xom's grace]
 14642 | Lair:6   | XOM: scenery: create altars
 14655 | Lair:6   | Lost mutation: You are resistant to hostile enchantments. (MR+) [evolution]
 15036 | Lair:5   | XOM: noise
 15222 | Orc:1    | Entered Level 1 of the Orcish Mines
 15293 | Orc:1    | Reached XP level 14. HP: 121/125 MP: 16/23
 15296 | Orc:1    | Noticed Josephine
 15303 | Orc:1    | XOM: harmless Hex miscast
 15304 | Orc:1    | Killed Josephine
 15351 | Orc:1    | Noticed Erolcha
 15364 | Orc:1    | XOM: mild Tloc miscast
 15365 | Orc:1    | XOM: confusion (+ monsters)
 15369 | Orc:1    | XOM: enchant monster (good)
 15371 | Orc:1    | Paralysed by Erolcha for 2 turns
 15374 | Orc:1    | XOM: summons 6 friendly demons
 15405 | Orc:1    | XOM: mild Summ miscast
 15406 | Orc:2    | Entered Level 2 of the Orcish Mines
 15406 | Orc:2    | Found Ceblu's General Store.
 15438 | Orc:2    | XOM: enchant monster (good)
 15441 | Orc:2    | XOM: summons friendly quasit
 15463 | Orc:2    | Bought the ring of the Red Skies {rN+ MR+ MP+9} for 625 gold pieces
 15463 | Orc:2    | Bought a potion of curing for 51 gold pieces
 15498 | Orc:2    | Found a gateway to a bazaar.
 15518 | Bazaar   | Entered a bazaar
 15518 | Bazaar   | Found Nuf Gosh's Jewellery Shop.
 15518 | Bazaar   | Found Hitydiaqui's Antique Weapon Shop.
 15525 | Bazaar   | Bought a runed great sword for 171 gold pieces
 15534 | Bazaar   | Bought an uncursed ring of poison resistance for 180 gold pieces
 15585 | Orc:2    | XOM: cast spell 'Summon Small Mammal'
 15598 | Orc:2    | Noticed Snorg
 15612 | Orc:2    | XOM: confuse monster(s)
 15625 | Orc:2    | XOM: confuse monster(s)
 15626 | Orc:2    | XOM: confuse monster(s)
 15670 | Orc:2    | Found a staircase to the Elven Halls.
 15687 | Orc:2    | XOM: confuse monster(s)
 15698 | Orc:2    | XOM: harmless Fire miscast
 15737 | Orc:2    | XOM: summons 5 friendly demons
 15740 | Orc:2    | XOM: potion effect (experience)
 15740 | Orc:2    | Reached skill level 15 in Long Blades
 15740 | Orc:2    | Gained mutation: You are immune to clouds of flame. [demonic ancestry]
 15740 | Orc:2    | Reached XP level 15. HP: 132/132 MP: 0/24
 15743 | Orc:2    | Killed Snorg
 15806 | Orc:2    | XOM: harmless Necr miscast
 16110 | Orc:2    | Found Vimirea's Antique Armour Emporium.
 16110 | Orc:2    | XOM: mild Summ miscast
 16229 | Orc:2    | Found Gokiog's Book Shoppe.
 16290 | Orc:2    | Found Pihaed's Antique Weapon Shop.
 16298 | Orc:2    | Bought a transparent great sword for 402 gold pieces
 16298 | Orc:2    | Identified the +4 great sword "Wiot" {venom, rPois MR+ SInv} (You bought it in a shop on level 2 of the Orcish Mines)
 16299 | Orc:2    | Bought a runed great sword for 332 gold pieces
 16333 | Orc:2    | XOM: silly message
 16554 | Orc:2    | Bought glowing ice dragon scales for 1638 gold pieces
 16608 | Orc:1    | Killed Erolcha
 17202 | D:12     | Found a labyrinth entrance.
 17219 | Lab      | Entered a labyrinth
 17544 | Lab      | Got an iridescent scimitar
 17551 | D:12     | Identified the +3 scimitar of Temperance {slice, *Rage +Fly rN++ MR+} (You found it in a labyrinth)
 17656 | D:12     | XOM: harmless Summ miscast
 17665 | D:12     | Gained mutation: You are completely covered in iridescent scales. (AC +6) [evolution]
 17779 | D:12     | XOM: medium Hex miscast
 17937 | D:12     | Found Gagap's Gadget Emporium.
 17942 | D:12     | Bought a lamp of fire for 400 gold pieces
 18000 | D:12     | XOM: 8-stop teleportation journey
 18112 | D:12     | XOM: harmless Conj miscast
 18294 | D:13     | XOM: enchant monster (good)
 18431 | D:13     | XOM: summons 13 friendly demons
 18606 | D:13     | XOM: scenery: 1 doors close
 18675 | D:13     | Noticed Frances
 18675 | D:13     | XOM: divination: magic mapping
 18678 | D:13     | XOM: cleaving
 18703 | D:13     | Killed Frances
 18896 | D:13     | XOM: scenery: 1 doors close
 19001 | D:14     | XOM: cleaving
 19018 | D:14     | Found Nakk's Book Shop.
 19056 | D:14     | Reached skill level 5 in Armour
 19058 | D:14     | XOM: divine lightning
 19120 | D:14     | XOM: cleaving
 19124 | D:14     | XOM: scenery: create altars
 19127 | D:14     | XOM: scenery: create altars
 19132 | D:14     | XOM: scenery: create altars
 19178 | D:14     | Found a gate to the Vaults.
 19409 | D:14     | XOM: polymorph tengu warrior -> ice dragon
 19448 | D:14     | XOM: summons 2 hostile shadow creatures
 19453 | D:14     | Gained mutation: You are agile. (Dex +2) [evolution]
 19467 | D:14     | XOM: 2-stop teleportation journey
 19712 | D:14     | Gained mutation: Your demonic aura causes spilled blood to erupt in flames. [demonic ancestry]
 19712 | D:14     | Reached XP level 16. HP: 127/139 MP: 28/28
 19848 | D:15     | Entered Level 15 of the Dungeon
 19888 | D:15     | XOM: enchant monster (bad)
 19895 | D:15     | XOM: harmless Fire miscast
 19897 | D:15     | XOM: chaos cloud
 19913 | D:15     | XOM: enchant monster (bad)
 19914 | D:15     | XOM: divine lightning
 19926 | D:15     | XOM: destruction
 20143 | D:15     | XOM: scenery: create altars
 20149 | D:15     | Found a staircase to the Depths.
 20149 | D:15     | XOM: 9-stop teleportation journey
 20160 | D:15     | XOM: summons 16 friendly demons
 20301 | D:15     | XOM: confuse monster(s)
 20396 | D:15     | XOM: medium Pois miscast
 20471 | D:15     | XOM: medium Chrm miscast
 20674 | Spider:1 | Entered Level 1 of the Spider Nest
 20682 | Spider:1 | XOM: enchant monster (good)
 20736 | Spider:1 | XOM: summons friendly white imp
 20847 | Spider:1 | XOM: swap monsters
 20851 | Spider:1 | XOM: confusion (+ monsters)
 20884 | Spider:1 | XOM: polymorph orb spider -> polar bear
 20919 | Spider:1 | Noticed Aizul
 20932 | Spider:1 | XOM: confuse monster(s)
 20940 | Spider:1 | Noticed Louise
 20944 | Spider:1 | Killed Aizul
 20958 | Spider:1 | Killed Louise
 21072 | Spider:1 | XOM: confuse monster(s)
 21184 | Spider:1 | Noticed Roxanne
 21184 | Spider:1 | XOM: harmless Chrm miscast
 21494 | Spider:2 | XOM: harmless Hex miscast
 21520 | Spider:2 | XOM: silly message
 21611 | Spider:2 | XOM: medium Erth miscast
 21641 | Spider:2 | XOM: summons friendly white imp
 21657 | Spider:2 | XOM: divination: detect items
 21708 | Spider:2 | XOM: scenery: create altars
 21779 | Spider:2 | XOM: polymorph white imp -> crimson imp
 22062 | Spider:2 | Gained mutation: Your spells are a little harder to cast, but a little more powerful. [evolution]
 22216 | Spider:2 | Reached skill level 10 in Spellcasting
 22833 | Spider:3 | Reached skill level 1 in Air Magic
 22835 | Spider:3 | Reached skill level 1 in Charms
 23200 | Spider:3 | XOM: god gift: scroll of immolation
 23321 | Spider:4 | Entered Level 4 of the Spider Nest
 23341 | Spider:4 | XOM: fog
 23400 | Spider:4 | Reached XP level 17. HP: 110/146 MP: 31/31
 23414 | Spider:4 | XOM: polymorph redback -> tarantella
 23430 | Spider:3 | XOM: scenery: create altars
 23603 | Shoals:1 | XOM: noise
 23603 | Shoals:1 | Entered Level 1 of the Shoals
 23644 | Shoals:1 | XOM: give mutations
 23644 | Shoals:1 | Gained mutation: Your muscles are strong. (Str +2) [Xom's grace]
 23644 | Shoals:1 | Gained mutation: Your system is resistant to poisons. (rPois) [Xom's grace]
 23644 | Shoals:1 | Gained mutation: You passively map a small area around you. [Xom's grace]
 23644 | Shoals:1 | Gained mutation: Your mind is very acute. (Int +4) [Xom's grace]
 23935 | Shoals:1 | XOM: fog
 23939 | Shoals:1 | XOM: give mutation
 23939 | Shoals:1 | Gained mutation: Your natural rate of healing is unusually fast. [Xom's grace]
 24085 | Shoals:1 | Reached skill level 5 in Conjurations
 24133 | Shoals:1 | XOM: 1-stop teleportation journey
 24342 | Shoals:2 | XOM: enchant monster (good)
 24351 | Shoals:1 | XOM: cloud trail
 24589 | Shoals:2 | XOM: divination: magic mapping
 24664 | Shoals:2 | XOM: give mutations
 24664 | Shoals:2 | Gained mutation: You can translocate small distances at will. [Xom's grace]
 24664 | Shoals:2 | Gained mutation: You are very robust. (+20% HP) [Xom's grace]
 24749 | Shoals:2 | XOM: repel stairs
 24764 | Shoals:2 | HP: 8/162 [snapping turtle (19)]
 24807 | Shoals:2 | XOM: god gift: 400 gold pieces
 24965 | Shoals:2 | XOM: destruction
 24991 | Shoals:2 | XOM: god gift: book of the Sky
 25310 | Shoals:3 | Upgraded the game from 0.21-a0-531-gacddea6 to 0.21-a0-536-gdbbf329
 25409 | Shoals:3 | Lost mutation: You are agile. (Dex +2) [evolution]
 25547 | Shoals:3 | XOM: give mutations
 25547 | Shoals:3 | Gained mutation: Your flesh is very heat resistant. (rF++) [Xom's grace]
 25547 | Shoals:3 | Gained mutation: You are agile. (Dex +2) [Xom's grace]
 25547 | Shoals:3 | Gained mutation: You are extremely robust. (+30% HP) [Xom's grace]
 25803 | Shoals:4 | Entered Level 4 of the Shoals
 25968 | Shoals:4 | XOM: 2-stop teleportation journey
 26027 | Shoals:4 | Noticed Ilsuiw
 26037 | Shoals:4 | XOM: summons 5 friendly demons
 26049 | Shoals:4 | XOM: repel stairs
 26051 | Shoals:4 | Killed Ilsuiw
 26156 | Shoals:4 | XOM: give mutation
 26156 | Shoals:4 | Lost mutation: Your muscles are strong. (Str +2) [Xom's mischief]
 26245 | Shoals:4 | XOM: summons 4 friendly demons
 26258 | Shoals:4 | XOM: destruction
 26277 | Shoals:4 | XOM: confuse monster(s)
 26291 | Shoals:4 | Got a barnacled rune of Zot
 26341 | Shoals:4 | Reached skill level 10 in Armour
 26354 | Shoals:4 | Noticed Bai Suzhen
 26360 | Shoals:4 | XOM: fog
 26375 | Shoals:4 | Killed Bai Suzhen
 26376 | Shoals:4 | Noticed Polyphemus
 26377 | Shoals:4 | XOM: god gift: 5 javelins of penetration
 26391 | Shoals:4 | Reached XP level 18. HP: 47/185 MP: 32/32
 26676 | Shoals:4 | Found Ucuaneast's Weapon Shop.
 26681 | Shoals:4 | XOM: summons 3 friendly demons
 26684 | Shoals:4 | XOM: summons friendly quasit
 26701 | Shoals:4 | Bought the +8 autumn katana {slice, Clar} for 1125 gold pieces
 26701 | Shoals:4 | Found the +8 autumn katana {slice, Clar}
 26796 | Shoals:4 | Killed Polyphemus
 26975 | Lair:2   | XOM: scenery: create altars
 27138 | Spider:4 | XOM: scenery: create altars
 27299 | Spider:4 | XOM: 4-stop teleportation journey
 27332 | Spider:4 | Reached skill level 10 in Dodging
 27399 | Spider:4 | Gained mutation: Your muscles are strong. (Str +2) [evolution]
 27483 | Spider:4 | XOM: cast spell 'Olgreb's Toxic Radiance'
 27624 | Spider:4 | XOM: fog
 27814 | Spider:4 | XOM: torment (85/188 hp)
 28119 | Spider:4 | Reached skill level 1 in Shields
 28156 | Spider:4 | Got a gossamer rune of Zot
 28438 | Vaults:1 | Entered Level 1 of the Vaults
 28555 | Vaults:1 | XOM: 3-stop teleportation journey
 28582 | Vaults:1 | XOM: polymorph white ugly thing -> minotaur
 28586 | Vaults:1 | XOM: noise
 28889 | Vaults:1 | Reached skill level 5 in Shields
 29167 | Vaults:1 | XOM: medium Fire miscast
 29171 | Vaults:1 | XOM: noise
 29180 | Vaults:1 | XOM: polymorph ogre mage -> moth of wrath
 29185 | Vaults:1 | XOM: summons friendly shadow imp
 29186 | Vaults:1 | XOM: cast spell 'Call Canine Familiar'
 29187 | Vaults:1 | XOM: cleaving
 29188 | Vaults:1 | XOM: cleaving
 29190 | Vaults:1 | XOM: god gift: gnarled glowing staff {god gift}
 29378 | Vaults:2 | XOM: divination: detect items
 29388 | Vaults:2 | XOM: summons 2 friendly demons
 29398 | Vaults:2 | XOM: scenery: 3 doors close
 29408 | Vaults:2 | XOM: destruction
 29516 | Vaults:2 | XOM: 7-stop teleportation journey
 29690 | Vaults:2 | Reached XP level 19. HP: 176/196 MP: 33/33
 29820 | Vaults:2 | Reached skill level 5 in Evocations
 29881 | Vaults:2 | XOM: divination: detect items
 29902 | Vaults:2 | XOM: god gift: royal jelly
 30010 | Vaults:2 | XOM: destruction
 30077 | Vaults:2 | XOM: enchant monster (good)
 30128 | Vaults:2 | Lost mutation: Your flesh is very heat resistant. (rF++) [evolution]
 30128 | Vaults:2 | Lost mutation: You rapidly evolve. [decline of evolution]
 30135 | Vaults:2 | Found a staircase to the Crypt.
 30251 | Vaults:2 | Upgraded the game from 0.21-a0-536-gdbbf329 to 0.21-a0-538-gd16b88a
 30388 | Vaults:2 | XOM: divination: detect items
 30398 | Vaults:2 | Reached skill level 10 in Shields
 30419 | Vaults:2 | XOM: harmless Hex miscast
 30617 | Vaults:3 | XOM: harmless Ice miscast
 30647 | Vaults:3 | XOM: silly message
 30754 | Vaults:3 | Got a pair of shimmering gloves
 30782 | Vaults:3 | Noticed a Tzitzimitl
 30783 | Vaults:3 | XOM: smoke on damage
 30992 | Vaults:3 | XOM: summons 6 friendly demons
 31186 | Vaults:3 | XOM: summons friendly white imp
 31339 | Vaults:3 | Noticed Nikola
 31344 | Vaults:3 | XOM: summons friendly chaos spawn
 31347 | Vaults:3 | XOM: summons friendly crimson imp
 31372 | Vaults:3 | Killed Nikola
 31382 | Vaults:3 | Identified the cursed +0 pair of gloves of Daffodils {+Fly MR+++ Str-3 Int-5} (You found it on level 3 of the Vaults)
 31457 | Vaults:3 | Noticed a lich
 31460 | Vaults:3 | XOM: polymorph ice dragon -> satyr
 31464 | Vaults:3 | Killed a lich
 31642 | Vaults:3 | XOM: scenery: 4 doors close
 31797 | Vaults:3 | XOM: 4-stop teleportation journey
 31967 | Vaults:3 | XOM: chaos upgrade
 31991 | Vaults:3 | Cast into level 2 of the Abyss (a deep elf demonologist)
 31992 | Abyss:2  | Found a corrupted altar of Lugonu.
 32036 | Abyss:2  | Gained mutation: You have claws for feet. [demonic ancestry]
 32036 | Abyss:2  | Reached XP level 20. HP: 205/205 MP: 34/34
 32042 | Abyss:2  | XOM: noise
 32080 | Abyss:2  | Found a corrupted altar of Lugonu.
 32120 | Vaults:3 | Escaped the Abyss
 32136 | Vaults:3 | XOM: blink monster(s)
 32177 | Vaults:3 | XOM: medium Conj miscast
 32268 | Vaults:4 | XOM: 1-stop teleportation journey
 32310 | Vaults:4 | Identified a scroll of acquirement
 32313 | Vaults:4 | Got a pair of faintly glowing gloves
 32314 | Vaults:4 | Identified the +1 pair of gloves of Boredom {Int+7 Dex+4 SInv} (You acquired it on level 4 of the Vaults)
 32365 | Vaults:4 | Found a ruined gateway.
 32397 | Desolati | Entered the Desolation of Salt
 32431 | Desolati | XOM: harmless Air miscast
 32636 | Desolati | Identified the cursed +0 scale mail of the Monkey {+Inv rF+ rN+ Str-4} (You found it in the Desolation of Salt)
 32641 | Desolati | Got a serpentine iron ring
 32642 | Desolati | Identified the ring of Sycryrus {rPois rC+} (You found it in the Desolation of Salt)
 32659 | Desolati | XOM: cleaving
 32669 | Desolati | XOM: give mutation
 32669 | Desolati | Gained mutation: You are resistant to hostile enchantments. (MR+) [Xom's grace]
 32714 | Desolati | XOM: cleaving
 32715 | Desolati | XOM: potion effect (haste)
 32722 | Desolati | XOM: polymorph ragged hierophant -> tarantella
 32730 | Desolati | XOM: 5-stop teleportation journey
 32840 | Desolati | XOM: polymorph ironbrand convoker -> manticore
 32852 | Desolati | XOM: divination: detect items
 32855 | Desolati | Lost mutation: You passively map a small area around you. [a shining eye]
 32945 | Desolati | Got a clouded amber ring
 32946 | Desolati | Identified the ring "Tadweych" {MR+ Str+2} (You found it in the Desolation of Salt)
 32983 | Desolati | Reached skill level 15 in Shields
 32992 | Desolati | Identified the +7 chain mail of the Amoeba {rC+ Str+2 Slay+5} (You found it in the Desolation of Salt)
 33025 | Desolati | XOM: summons 7 friendly demons
 33158 | Vaults:4 | Lost mutation: You are resistant to hostile enchantments. (MR+) [evolution]
 33179 | Vaults:4 | Found Cixyim's Weapon Boutique.
 33260 | Vaults:4 | XOM: silly message
 33406 | Vaults:4 | XOM: potion effect (heal wounds)
 33443 | Vaults:4 | XOM: harmless Air miscast
 33486 | Vaults:4 | XOM: polymorph yaktaur -> jumping spider
 33949 | Vaults:4 | XOM: chaos cloud
 33968 | Vaults:4 | XOM: enchant monster (good)
 33988 | Vaults:4 | XOM: cleaving
 34415 | Depths:1 | Entered Level 1 of the Depths
 34417 | Depths:1 | XOM: enchant monster (good)
 34424 | Depths:1 | XOM: polymorph green very ugly thing -> iron giant
 34441 | Depths:1 | Mutation became permanent: You are mostly covered in iridescent scales. (AC +4) [demonic ancestry]
 34441 | Depths:1 | Gained mutation: You are completely covered in iridescent scales. (AC +6) [demonic ancestry]
 34441 | Depths:1 | Reached XP level 21. HP: 173/213 MP: 35/35
 34442 | Depths:1 | XOM: enchant monster (bad)
 34443 | Depths:1 | XOM: give mutations
 34443 | Depths:1 | Lost mutation: You evolve. [Xom's mischief]
 34443 | Depths:1 | Lost mutation: You have supernaturally acute eyesight. (SInv) [Xom's mischief]
 34443 | Depths:1 | Lost mutation: You are agile. (Dex +2) [Xom's mischief]
 34457 | Depths:1 | XOM: swap monsters
 34527 | Depths:1 | XOM: draining
 34574 | Depths:1 | Found a gateway to Hell.
 34910 | Depths:1 | XOM: give mutations
 34910 | Depths:1 | Gained mutation: You are clumsy. (Dex -2) [Xom's mischief]
 34910 | Depths:1 | Gained mutation: You tend to lose your temper in combat. [Xom's mischief]
 34910 | Depths:1 | Lost mutation: You tend to lose your temper in combat. [Xom's mischief]
 34910 | Depths:1 | Lost mutation: Your muscles are strong. (Str +2) [Xom's mischief]
 34925 | Depths:1 | Reached skill level 10 in Evocations
 34961 | Depths:1 | XOM: summons friendly quasit
 35006 | Depths:1 | Found the heavily jewelled robe
 35065 | Depths:1 | XOM: polymorph quasit -> ufetubus
 35077 | Depths:1 | XOM: mild Tloc miscast
 35084 | Depths:1 | XOM: summons friendly crimson imp
 35094 | Depths:1 | XOM: harmless Tmut miscast
 35186 | Depths:1 | XOM: mild Fire miscast
 35423 | Depths:1 | Found a runed gate.
 35423 | Depths:1 | Found a runed gate.
 35423 | Depths:1 | Found a runed gate.
 35423 | Depths:1 | Found a runed gate.
 35423 | Depths:1 | Found a runed gate.
 35423 | Depths:1 | Found a runed gate.
 35424 | Depths:1 | Found the +2 Maxwell's thermic engine {flame, freeze, rF- rC-}
 35444 | Depths:1 | XOM: harmless Ice miscast
 35464 | Depths:1 | XOM: divine lightning
 35464 | Depths:1 | Slain by a balrug

Vault maps used:
D:1:      co_arrival_hexagon_in_a_hexagon, nemelex_xobeh_ov_fountains_minmay
D:2:      minmay_roachtagon, makhleb_blood_cavern_becter
D:3:      brannock_xom_greatest_gift
D:4:      nicolae_dithmenos_through_a_glass_darkly, serial_curves,
          eino_curves_04, eino_curves_01, minmay_misc_feat_plants,
          minmay_misc_feat_diagonals, uniq_menkaure
D:5:      first_bread, uniq_grinder
D:6:      lemuel_blue_sif_altar, minmay_temple_entry_statues_pillars,
          serial_shops, kennysheep_mini_moat, hex_medium, grunt_ministairs_1,
          kennysheep_potato
D:7:      elyvilon_altar_5, basic_altar
D:8:      vehumet_altar_wand_db, lemuel_coloured_pillars_altar, uniq_erica
D:10:     hiddenorc1_lemuel, hangedman_little_slice_of_home, nzn_random_ring,
          uniq_grum
D:11:     erik_lair_orcish_takeover, basic_altar, kennysheep_crisscross
D:12:     serial_shops, kennysheep_little_box, lab_entry_generic
D:13:     uniq_frances
D:14:     hangedman_vaults_entry_quadrant_bands, serial_shops,
          nicolae_shop_window_shopping, spider_trap
D:15:     gammafunk_depths_entry_grave, abandoned_shop
Lair:1:   uniq_fannar
Lair:2:   spider_nest_entry_a, grunt_megastairs_2, uniq_sonja
Lair:3:   grunt_megastairs_4, serial_bayou_shore_b
Lair:4:   minmay_shoals_entry_beasts, grunt_forest_large_clearings
Lair:6:   grunt_lair_end_beastmaster, slime_altar_1, wad_woods_road_01,
          serial_bayou_shore_b, lemuel_fruit_tree, infiniplex_staircase_pool_2,
          minmay_lair_oklob_chamber, lemuel_fruit_fields, serial_bayou_shore_a,
          serial_bayou_shore_b
Shoals:2: nicolae_shoals_square_sea_wall
Shoals:3: nicolae_shoals_circle_sea_wall
Shoals:4: shoals_end_hangedman, shoal_ilsuiw, serial_shops, shop,
          uniq_polyphemus, uniq_bai_suzhen
Spider:1: uniq_roxanne, uniq_aizul, uniq_louise
Spider:4: grunt_spider_rune_parallel
Orc:1:    nicolae_orc_bridge_out, uniq_erolcha, uniq_josephine
Orc:2:    grunt_orc_gardens, grunt_orc_garden, grunt_orc_garden,
          grunt_orc_garden, grunt_orc_garden, serial_shops, bzr_entry_lakeside,
          uniq_snorg
Vaults:1: vaults_dpeg_cross, v_rooms_6, vaults_room_large_hall,
          nicolae_vaults_network_star, v_misc_18,
          nicolae_vaults_ring_of_whatevers, v_alt_pattern_2,
          vaults_room_semicircle, nicolae_vaults_rhombus_5
Vaults:2: nicolae_vaults_lopsided_apartments, minmay_crypt_entry_simple_round,
          nicolae_vaults_theta, v_pattern_1, grunt_vaults_hallway_short,
          nicolae_vaults_what_the_h, vaults_room_fours, vaults_mumra_lcd,
          v_misc_4, nicolae_vaults_little_squares_3,
          nicolae_vaults_mini_display_case, nicolae_vaults_big_ls,
          ontoclasm_vaults_ring_square, grunt_vaults_hallway_short,
          nicolae_vaults_ring_of_whatevers, v_misc_22
Vaults:3: v_misc_4, v_misc_27, hangedman_vaults_locks, vaults_room_hallway,
          hangedman_vaults_restitches, nicolae_vaults_stairing_the_circle,
          st_octagons_2, nicolae_vaults_hallways_thing, ontoclasm_vaults_idyll,
          ontoclasm_vaults_tryst, dpeg_vaults_monster_box,
          nicolae_vaults_little_squares_6, uniq_nikola
Vaults:4: vaults_mumra_minichess, nicolae_vaults_little_squares_2,
          nicolae_vaults_network_quinsquares, nicolae_vaults_specimen_jars,
          hangedman_vaults_snaps, vaults_dpeg_diagonal, v_misc_5, v_rooms_2,
          ontoclasm_vaults_gateway, hangedman_vaults_hat,
          ontoclasm_vaults_fault, ontoclasm_vaults_idyll,
          vaults_dpeg_encased_lava, serial_shops, shop,
          portal_desolation_entry_ruin
Depths:1: grunt_mini_vestibule, hangedman_decor_riveting,
          brannock_guarded_unrand_thermic_engine, grunt_megastairs_3,
          serial_bayou_shore_b
Lab:      nicolae_lab_big_swirl, nicolae_lab_swirl, nicolae_lab_plus,
          nicolae_lab_garden, nicolae_lab_lava, nicolae_lab_arrow,
          labyrinth_skeletal_remains
Bazaar:   bazaar_minmay_generic_box

Skill      XL: |  1  2  3  4  5  6  7  8  9 10 11 12 13 14 15 16 17 18 19 20 21 |
---------------+----------------------------------------------------------------+-----
Long Blades    | 3 4 5 6 9 10 11 13 14 15 16 17 | 17.9
Fighting       | 4 5 6 7 9 10 11 12 13 | 13.7
Dodging        | 4 5 6 7 8 9 10 | 10.2
Spellcasting   | 4 6 8 10 | 10.2
Necromancy     | 5 6 |  6.5
Stealth        | 2 5 7 8 |  8.6
Conjurations   | 1 4 5 |  5.1
Fire Magic     | 1 3 4 |  4.7
Armour         | 2 5 8 10 | 10.7
Evocations     | 2 4 5 8 10 | 10.6
Air Magic      | 1 2 |  2.3
Charms         | 1 2 |  2.3
Shields        | 7 13 16 17 | 17.5

Action                   |  1- 3 |  4- 6 |  7- 9 | 10-12 | 13-15 | 16-18 | 19-21 || total
-------------------------+-------+-------+-------+-------+-------+-------+-------++-------
Melee: Falchion          |   103 |    58 |   121 |   179 |       |       |       ||   461
       Kick              |    10 |    18 |    55 |   175 |    68 |       |   402 ||   728
       Headbutt          |       |     6 |    27 |   128 |   144 |   263 |   353 ||   921
       Great sword       |       |       |       |   311 |   607 |   740 |       ||  1658
       Katana            |       |       |       |       |       |   389 |  1289 ||  1678
Throw: Stone             |       |       |       |     1 |       |       |       ||     1
 Cast: Animate Skeleton  |       |       |     3 |    28 |     5 |     3 |    46 ||    85
       Animate Dead      |       |       |       |    22 |    68 |    76 |       ||   166
       Control Undead    |       |       |       |     5 |     3 |     1 |       ||     9
       Regeneration      |       |       |       |     1 |    18 |    33 |     7 ||    59
       Conjure Flame     |       |       |       |     5 |     8 |       |     1 ||    14
       Vampiric Draining |       |       |       |       |       |     1 |       ||     1
 Abil: Blink             |       |       |       |       |       |       |     1 ||     1
Evoke: Wand              |       |       |       |    17 |    17 |       |     2 ||    36
       Lamp of fire      |       |       |       |       |     1 |     1 |     3 ||     5
       Phial of floods   |       |       |       |       |       |     1 |     1 ||     2
  Use: Scroll            |     6 |       |    12 |    18 |     9 |    18 |    16 ||    79
       Potion            |       |     4 |       |     5 |     4 |    10 |     7 ||    30
 Stab: Paralysed         |     1 |       |     1 |     2 |       |       |       ||     4
       Sleeping          |     1 |       |       |       |    15 |     9 |    11 ||    36
       Confused          |       |       |     1 |       |     6 |     3 |       ||    10
       Petrified         |       |       |     7 |       |     7 |     2 |       ||    16
       Invisible         |       |       |       |     1 |       |     7 |       ||     8
       Distracted        |       |       |       |     2 |    10 |     9 |     7 ||    28
       Petrifying        |       |       |       |       |       |     1 |       ||     1
  Eat: Chunk             |       |     4 |     4 |     7 |     7 |     3 |     5 ||    30
       Royal jelly       |       |       |       |    10 |     9 |     4 |     1 ||    24
       Fruit             |       |       |       |     6 |    18 |    11 |     1 ||    36
       Meat ration       |       |       |       |       |       |     3 |     2 ||     5
       Bread ration      |       |       |       |       |       |     1 |       ||     1
Armor: Leather armour    |    41 |    25 |    34 |   158 |    59 |       |       ||   317
       Troll leather arm |       |       |       |       |    54 |       |       ||    54
       Ice dragon scales |       |       |       |       |   122 |   780 |   324 ||  1226
Dodge: Dodged            |    52 |    33 |    67 |   415 |   483 |   724 |   271 ||  2045
Block: Large shield      |       |       |       |       |       |   117 |  1026 ||  1143
       Rpst.: Falchion   |    13 |     8 |    16 |    30 |       |       |       ||    67
       Great sword       |       |       |       |    78 |   110 |    95 |       ||   283
       Katana            |       |       |       |       |       |    25 |    50 ||    75

Table legend:
 A = Spawn XP
 B = Non-spawn XP
 C = Spawn XP percentage of total XP
 D = Spawn monster count
 E = Non-spawn monster count
 F = Spawn count percentage of total count
 G = Total turns spent on level
                    A         B        C        D         E        F      G
               +---------+---------+-------+---------+---------+-------+---------
         Total |    5562 |  611005 |   0.9 |       8 |    1601 |   0.5 | 35464
               +---------+---------+-------+---------+---------+-------+---------
           D:1 |       0 |      32 |   0.0 |       0 |      17 |   0.0 |   605
           D:2 |       0 |     223 |   0.0 |       0 |      34 |   0.0 |   692
           D:3 |       0 |     118 |   0.0 |       0 |      17 |   0.0 |   633
           D:4 |       0 |     920 |   0.0 |       0 |      35 |   0.0 |   649
           D:5 |       0 |    1590 |   0.0 |       0 |      20 |   0.0 |   434
           D:6 |       0 |    1200 |   0.0 |       0 |      31 |   0.0 |   778
           D:7 |       0 |     767 |   0.0 |       0 |      19 |   0.0 |   721
           D:8 |       0 |    2669 |   0.0 |       0 |      18 |   0.0 |   806
           D:9 |       0 |     712 |   0.0 |       0 |      19 |   0.0 |   759
          D:10 |       0 |    3586 |   0.0 |       0 |      67 |   0.0 |  1229
          D:11 |       0 |    6178 |   0.0 |       0 |      36 |   0.0 |  1096
          D:12 |       0 |    3667 |   0.0 |       0 |      24 |   0.0 |   726
          D:13 |       0 |    9241 |   0.0 |       0 |      33 |   0.0 |   858
          D:14 |       0 |   18960 |   0.0 |       0 |      53 |   0.0 |  1080
          D:15 |       0 |   15728 |   0.0 |       0 |      38 |   0.0 |   615
        Lair:1 |       0 |    4569 |   0.0 |       0 |      19 |   0.0 |   878
        Lair:2 |       0 |    7522 |   0.0 |       0 |      19 |   0.0 |  1505
        Lair:3 |       0 |    2808 |   0.0 |       0 |      13 |   0.0 |   976
        Lair:4 |       0 |    7230 |   0.0 |       0 |      50 |   0.0 |   832
        Lair:5 |       0 |    6405 |   0.0 |       0 |      20 |   0.0 |  1271
        Lair:6 |       0 |   14714 |   0.0 |       0 |      51 |   0.0 |  1643
      Shoals:1 |       0 |   12887 |   0.0 |       0 |      34 |   0.0 |   874
      Shoals:2 |       0 |   17713 |   0.0 |       0 |      40 |   0.0 |   759
      Shoals:3 |       0 |    3191 |   0.0 |       0 |       7 |   0.0 |   611
      Shoals:4 |       0 |   44418 |   0.0 |       0 |      72 |   0.0 |  1054
      Spider:1 |       0 |   16995 |   0.0 |       0 |      41 |   0.0 |   874
      Spider:2 |       0 |   10873 |   0.0 |       0 |      30 |   0.0 |  1164
      Spider:3 |       0 |   13463 |   0.0 |       0 |      42 |   0.0 |   984
      Spider:4 |       0 |   35731 |   0.0 |       0 |     110 |   0.0 |  1194
         Orc:1 |       0 |    5918 |   0.0 |       0 |      27 |   0.0 |   666
         Orc:2 |       0 |   13553 |   0.0 |       0 |      71 |   0.0 |  1171
      Vaults:1 |       0 |   29760 |   0.0 |       0 |      53 |   0.0 |   903
      Vaults:2 |       0 |   53320 |   0.0 |       0 |      79 |   0.0 |  1279
      Vaults:3 |       0 |   67132 |   0.0 |       0 |      98 |   0.0 |  1544
      Vaults:4 |       0 |   49613 |   0.0 |       0 |      70 |   0.0 |  1316
      Depths:1 |       0 |   79608 |   0.0 |       0 |      96 |   0.0 |  1049
       Abyss:2 |    5562 |     986 |  84.9 |       8 |       1 |  88.9 |   129
           Lab |       0 |    2082 |   0.0 |       0 |      10 |   0.0 |   329
    Desolation |       0 |   44923 |   0.0 |       0 |      87 |   0.0 |   753
               +---------+---------+-------+---------+---------+-------+---------
